 Dungeon Crawl Stone Soup version 0.18-a0-1109-gfc003ac (webtiles) character file.

403 st0uf the Grave Robber (level 6, -4/42 HPs)
             Began as a Demonspawn Necromancer on Jan 16, 2016.
             Slain by an ogre
             ... wielding a +0 giant club
              (18 damage)
             ... on level 6 of the Dungeon.
             The game lasted 00:22:03 (4164 turns).

st0uf the Grave Robber (Demonspawn Necromancer)     Turns: 4164, Time: 00:22:03

Health: -4/42      AC:  3    Str:  8    XL:     6   Next: 55%
Magic:  5/12       EV: 12    Int: 19    God:
Gold:   244        SH:  0    Dex: 13    Spells: 3 memorised, 8 levels left

rFire  . . .     SeeInvis .     (no weapon)
rCold  . . .     Gourm    .     a - +0 robe
rNeg   . . .     Faith    .     (no shield)
rPois  .         Spirit   .     (no helmet)
rElec  .         Dismiss  .     i - +0 cloak
rCorr  .         Reflect  .     (no gloves)
SustAt .         Harm     .     (no boots)
MR     .....                    (no amulet)
Stlth  +++.......               (no ring)
                                (no ring)

@: not resistant to hostile enchantments, fairly stealthy
A: demonic guardian 1, nightstalker 1
a: no special abilities


You were on level 6 of the Dungeon.
You were not hungry.

You visited 2 branches of the dungeon, and saw 7 of its levels.

You collected 244 gold pieces.

Inventory:

Armour
 a - a +0 robe (worn)
 i - a +0 cloak (worn)
 B - a +0 buckler
Wands
 q - a wand of random effects (26/48)
 v - a wand of hasting (5/9)
 w - a wand of slowing (19/48)
Scrolls
 h - a scroll of remove curse {unknown}
 j - 3 scrolls of teleportation {unknown}
 l - 7 scrolls of identify {unknown}
 o - 2 scrolls of fear {unknown}
 p - 2 scrolls of recharging {unknown}
 u - a scroll of immolation {unknown}
 y - a scroll of enchant armour {unknown}
Potions
 d - 2 potions of flight
 e - 3 potions of curing
 k - a potion of haste {unknown}
 n - a potion of magic {unknown}
 s - a potion of invisibility {unknown}
 t - a potion of might {unknown}
 x - a potion of poison {unknown}
 z - a potion of agility {unknown}
Books
 b - a book of Necromancy

   Spells                             Type                      Level
   a - Pain                           Necromancy                   1
   b - Animate Skeleton               Necromancy                   1
   c - Vampiric Draining              Necromancy                   3
   d - Regeneration                   Charms/Necromancy            3
   e - Animate Dead                   Necromancy                   4
   f - Control Undead                 Necromancy                   4
Comestibles
 c - 3 bread rations
 f - 3 fruits
 g - 2 slices of pizza
 m - 2 beef jerkies
 r - a meat ration
 A - 3 chunks of flesh


   Skills:
 + Level 0.4 Fighting
 + Level 2.5 Dodging
 - Level 1.7 Stealth
 + Level 4.3 Spellcasting
 + Level 6.9 Necromancy


You had 8 spell levels left.
You knew the following spells:

 Your Spells              Type           Power        Failure   Level  Hunger
a - Pain                  Necr           ####         1%          1    None
b - Vampiric Draining     Necr           ####......   2%          3    ###....
c - Animate Skeleton      Necr           N/A          1%          1    None


Dungeon Overview and Level Annotations

Branches:
Dungeon (6/15)             Temple (1/1) D:4

Altars:
Cheibriados
Dithmenos
Elyvilon
Fedhas
Makhleb
Nemelex Xobeh
Okawaru
Qazlal
Ru
Trog
Xom
Yredelemnul
Zin

Annotations:
D:5 Grinder; namelastname112's ghost, amateur DrWz


Innate Abilities, Weirdness & Mutations

A weak demonic guardian rushes to your aid.
You are slightly more attuned to the shadows.


Message History

Aim: an orc priest, wielding a short sword (severely wounded, chance to defeat MR: 84%)
The orc priest convulses in agony!
You kill the orc priest!
Grinder gestures at you.
You barely resist.
Namelastname112's ghost (amateur Draconian Wizard) comes into view.
Casting: Pain
Confirm with . or Enter, or press ? or * to list all spells.
You can't see any susceptible monsters within range! (Use Z to cast anyway.)
You swap places.
Grinder drinks a potion.
Grinder suddenly seems more resistant.
Namelastname112's ghost moves out of view.
There is a stone staircase leading down here.
You climb downwards.
Your summoned ally is left behind.
An ogre comes into view. It is wielding a giant club.
Found an escape hatch in the ceiling.
There is a stone staircase leading up here.
The ogre shouts!
The ogre hits you with a giant club!!
You die...

##########
#.........
#.........
#.........
#.........
#..<......
#.O@......
#..<......
............
...#.........
...#####.####
.. .# $#


You could see an ogre.

Vanquished Creatures
  A hound (D:3)
  An orc priest (D:5)
  Natasha (D:2)
  A worker ant (D:5)
  10 adders
  An ooze (D:2)
  2 worms
  4 giant geckos
  7 orcs
  5 giant cockroaches
  7 hobgoblins
  3 quokkas
  2 ball pythons
  12 bats
  5 giant newts
  5 goblins
  13 kobolds
  7 rats
87 creatures vanquished.

Vanquished Creatures (collateral kills)
  The ghost of gorblad the Nimble, an amateur FeFi of Dithmenos (D:4)
  A centaur skeleton (D:4)
  A hound (D:4)
  Jessica (D:3)
  A worker ant (D:4)
  A giant gecko skeleton (D:4)
6 creatures vanquished.

Grand Total: 93 creatures vanquished

Notes
Turn   | Place    | Note
--------------------------------------------------------------
     0 | D:1      | st0uf the Demonspawn Necromancer began the quest for the Orb.
     0 | D:1      | Reached XP level 1. HP: 13/13 MP: 3/3
   353 | D:1      | Gained mutation: A weak demonic guardian rushes to your aid. [demonic ancestry]
   353 | D:1      | Reached XP level 2. HP: 14/19 MP: 1/5
   911 | D:3      | Reached skill level 5 in Necromancy
   911 | D:3      | Reached XP level 3. HP: 16/24 MP: 0/6
   973 | D:3      | Learned a level 3 spell: Vampiric Draining
   975 | D:3      | Learned a level 1 spell: Animate Skeleton
  1058 | D:3      | Noticed Jessica
  1061 | D:3      | Killed Jessica
  1344 | D:3      | Gained mutation: You are slightly more attuned to the shadows. [demonic ancestry]
  1344 | D:3      | Reached XP level 4. HP: 27/30 MP: 3/8
  1713 | D:4      | Found a staircase to the Ecumenical Temple.
  1724 | D:4      | Noticed gorblad's ghost (amateur FeFi)
  1758 | D:4      | Killed gorblad's ghost
  1758 | D:4      | Reached XP level 5. HP: 35/35 MP: 8/10
  2029 | Temple   | Entered the Ecumenical Temple
  2328 | D:3      | Reached skill level 6 in Necromancy
  2748 | D:3      | Noticed a phantom
  2953 | D:2      | Noticed Natasha
  3070 | D:2      | Killed Natasha
  3070 | D:2      | Reached XP level 6. HP: 28/41 MP: 7/12
  4121 | D:5      | Entered Level 5 of the Dungeon
  4158 | D:5      | Noticed Grinder
  4159 | D:5      | Noticed namelastname112's ghost (amateur DrWz)
  4164 | D:6      | Slain by an ogre

Vault maps used:
D:1:      lightli_arrival_isolated_outpost, minmay_ruptured
D:2:      eino_curves_02, hangedman_decor_growths,
          minmay_misc_feat_more_columns, uniq_natasha
D:3:      uniq_jessica
D:4:      minmay_temple_entry_mist, first_bread
D:5:      overflow_temple_1_default, uniq_grinder
D:6:      lemuel_upstairs_altar, kennysheep_generic_room_9
Temple:   circular_temple_13

Action                   |  1- 3 |  4- 6 || total
-------------------------+-------+-------++-------
Melee: Unarmed           |     3 |     5 ||     8
 Cast: Pain              |    58 |   122 ||   180
       Animate Skeleton  |       |     2 ||     2
  Use: Potion            |       |     2 ||     2
  Eat: Chunk             |     1 |     9 ||    10
